 Dungeon Crawl Stone Soup version 0.23-b1-67-g8bd44de (webtiles) character file.

Game seed: 14717229302580633217

5222 teukkam the Fighter (level 10, -2/91 (94) HPs)
             Began as a Minotaur Fighter on Feb 5, 2019.
             Was a High Priest of Jiyva.
             Succumbed to a death drake's dark miasma
             ... on level 1 of the Lair of Beasts.
             The game lasted 00:37:13 (7301 turns).

teukkam the Fighter (Minotaur Fighter)              Turns: 7301, Time: 00:37:13

HP:   -2/91 (94)    AC: 17    Str: 23    XL:     10   Next: 35%
MP:   9/9           EV:  6    Int:  9    God:    Jiyva [*****.]
Gold: 395           SH: 10    Dex: 10    Spells: 9/9 levels left

rFire    + . .     SeeInvis .   a - +5 dagger (chaos)
rCold    + . .     Gourm    .   c - +0 shield
rNeg     . . .     Faith    .   q - +4 chain mail {rF+}
rPois    .         Spirit   .   (helmet unavailable)
rElec    .         Reflect  .   (no cloak)
rCorr    +         Harm     .   (no gloves)
MR       .....                  (no boots)
Stlth    ..........             I - amulet of rage
HPRegen  0.00/turn              m - +3 ring of dexterity
MPRegen  0.11/turn              u - ring of protection from cold

@: lethally poisoned (-2 -> -59), non-regenerating, badly diseased, slowed, very
slow
A: retaliatory headbutt, horns 3, icy blue scales 1, shaggy fur 1
a: Request Jelly, Slimify, Cure Bad Mutation, Renounce Religion, Evoke Berserk
Rage


You were on level 1 of the Lair of Beasts.
You worshipped Jiyva.
Jiyva was extremely pleased with you.
You were completely stuffed.

You visited 3 branches of the dungeon, and saw 11 of its levels.

You collected 395 gold pieces.

Inventory:

Hand Weapons
 a - a +5 dagger of chaos (weapon)
 b - a +0 hunting sling of freezing
 y - a +0 war axe
 B - a +0 trident of venom
 D - a +0 shortbow
 E - a +1 flail of holy wrath
Missiles
 h - 6 needles of confusion
 i - 93 sling bullets
 j - 82 arrows
 k - 145 stones (quivered)
Armour
 c - a +0 shield (worn)
 q - a +4 chain mail of fire resistance (worn)
Jewellery
 m - a +3 ring of dexterity (left hand)
 p - an uncursed ring of protection from cold
 u - a ring of protection from cold (right hand)
 z - an uncursed ring of protection from magic
 I - an amulet of rage (around neck)
Wands
 K - a wand of clouds (4)
Scrolls
 n - a scroll of enchant armour
 s - a scroll of identify
 w - 2 scrolls of teleportation
 A - a scroll of magic mapping
 C - a scroll of enchant weapon
 F - 2 scrolls of brand weapon
Potions
 d - 2 potions of might
 e - 7 potions of curing
 l - 2 potions of resistance
 v - 3 potions of agility
Comestibles
 f - 10 rations


   Skills:
 + Level 10.8 Fighting
 + Level 8.7 Short Blades
 - Level 4.2 Axes
 + Level 8.1 Slings
 - Level 6.1 Armour
 - Level 6.2 Shields


You had 9 spell levels left.
You didn't know any spells.
Your spell library contained the following spells:

 Spells                   Type           Power        Failure   Level  Hunger
 Flame Tongue             Conj/Fire      #....        100%        1    ##.....
 Freeze                   Ice            #...         100%        1    ##.....
 Magic Dart               Conj           #...         100%        1    ##.....
 Searing Ray              Conj           #.....       100%        2    ###....
 Throw Flame              Conj/Fire      #.....       100%        2    ###....
 Throw Frost              Conj/Ice       #.....       100%        2    ###....
 Conjure Flame            Conj/Fire      #.......     100%        3    ####...
 Dazzling Spray           Conj/Hex       #.....       100%        3    ####...
 Inner Flame              Hex/Fire       #.......     100%        3    ####...
 Ozocubu's Armour         Chrm/Ice       #.......     100%        3    ####...
 Force Lance              Conj/Tloc      #.......     100%        4    #####..
 Fulminant Prism          Conj/Hex       #.........   100%        4    #####..
 Iskenderun's Mystic Bla  Conj           #.......     100%        4    #####..
 Sticky Flame             Conj/Fire      #.......     100%        4    #####..
 Summon Ice Beast         Ice/Summ       #.......     100%        4    #####..
 Throw Icicle             Conj/Ice       #.......     100%        4    #####..
 Fireball                 Conj/Fire      #.........   100%        5    ######.


Dungeon Overview and Level Annotations

Branches:
Dungeon (9/15)             Temple (1/1) D:4            Lair (1/6) D:9
    Orc: D:9-12

Altars:
Ashenzari
Cheibriados
Dithmenos
Fedhas
Gozag
Kikubaaqudgha
Makhleb
Nemelex Xobeh
Okawaru
Qazlal
Sif Muna
Trog
Uskayaw
Vehumet
Wu Jian
Xom
Yredelemnul
Zin
The Shining One
Jiyva

Shops:
D:5 *   D:8 %


Innate Abilities, Weirdness & Mutations

You reflexively headbutt those who attack you in melee.
You have a pair of large horns on your head.
You are partially covered in icy blue scales. (AC +2)
You are covered in fur. (AC +1)


Message History

You hit the death drake.
The death drake is lightly wounded.
You are engulfed in dark miasma.
You are more poisoned.
You feel your flesh rotting away!
You feel ill.
You feel very sick.
The death drake bites you but does no damage.
Your surroundings suddenly seem different.
* * * LOW HITPOINT WARNING * * *
You feel extremely sick.
Jiyva gurgles merrily.
* * * LOW HITPOINT WARNING * * *
You feel extremely sick.
* * * LOW HITPOINT WARNING * * *
You feel extremely sick.
A spiny frog comes into view.
* * * LOW HITPOINT WARNING * * *
You feel very sick.
The spiny frog croaks.
You die...

### #
##.# ..
..# #.
#.# +.
#.+
#..##.#
#F..#
#P...#.#
##...#@#
##+ ###


There were no monsters in sight!

Vanquished Creatures
  A two-headed ogre (D:8)
  Joseph (D:8)
  A spiny frog (Lair:1)
  3 komodo dragons
  A vampire (D:9)
  4 yaks (D:9)
  A hungry ghost (D:8)
  A black bear (D:8)
  An orc warrior (D:6)
  3 sky beasts (D:8)
  A necrophage (D:5)
  An ogre (D:5)
  A crocodile (D:9)
  3 centaurs
  A big kobold (D:9)
  Blork the orc (D:5)
  6 bullfrogs
  2 scorpions (D:6)
  2 crimson imps
  2 howler monkeys (D:5)
  3 hounds
  Jessica (D:2)
  4 iguanas
  An orc wizard (D:8)
  4 worker ants
  A hound skeleton (D:7)
  A worker ant zombie (D:7)
  8 adders
  2 shadow imps (D:6)
  An ooze (D:4)
  An adder skeleton (D:4)
  5 worms
  3 dart slugs
  6 leopard geckos
  14 orcs
  6 giant cockroaches
  10 goblins
  9 hobgoblins
  12 jackals
  A quokka (D:7)
  2 ball pythons
  9 bats
  6 frilled lizards
  A giant cockroach zombie (D:5)
  11 kobolds
  4 rats
163 creatures vanquished.

Vanquished Creatures (others)
  A yak (D:9)
  An orc warrior (D:9)
  2 crimson imps (D:4)
  15 jellies
  3 orc priests
  An orc wizard (D:3)
  5 worker ants
  3 gnolls (D:8)
  2 adders (D:2)
  An adder skeleton (D:4)
  A leopard gecko (D:3)
  16 orcs
  2 giant cockroaches
  3 goblins
  A hobgoblin (D:3)
  A jackal (D:2)
  A jackal skeleton (D:8)
  A rat (D:3)
  2 fungi
62 creatures vanquished.

Grand Total: 225 creatures vanquished

Notes
Turn   | Place    | Note
-------+----------+-------------------------------------------
     0 | D:1      | teukkam the Minotaur Fighter began the quest for the Orb.
     0 | D:1      | Reached XP level 1. HP: 19/19 MP: 0/0
   121 | D:1      | Reached XP level 2. HP: 14/27 MP: 1/1
   367 | D:3      | Reached skill level 4 in Fighting
   367 | D:3      | Reached XP level 3. HP: 29/33 MP: 2/2
   555 | D:4      | Found a staircase to the Ecumenical Temple.
   605 | Temple   | Entered the Ecumenical Temple
   628 | Temple   | Became a worshipper of Jiyva Joacric the Shapeless
   732 | D:1      | Reached XP level 4. HP: 40/40 MP: 3/3
  1748 | D:2      | Reached * piety under Jiyva
  1836 | D:2      | Noticed Jessica
  1844 | D:2      | Killed Jessica
  2171 | D:3      | Reached XP level 5. HP: 47/47 MP: 4/4
  2295 | D:3      | Reached ** piety under Jiyva
  2296 | D:3      | Found a radiant altar of Vehumet.
  2298 | D:3      | Found an ancient bone altar of Kikubaaqudgha.
  2300 | D:3      | Found a sparkling altar of Nemelex Xobeh.
  2390 | D:3      | Found a glowing silver altar of Zin.
  2473 | D:3      | Reached *** piety under Jiyva
  2479 | D:3      | Gained mutation: You are covered in fur. (AC +1) [Jiyva's
                  | grace]
  2596 | D:3      | Found a faded altar of an unknown god.
  2952 | D:4      | Reached skill level 5 in Armour
  2952 | D:4      | Reached skill level 5 in Shields
  3039 | D:4      | Found a shimmering altar of Xom.
  3056 | D:4      | Reached skill level 5 in Fighting
  3160 | D:4      | Gained mutation: You have a pair of large horns on your
                  | head. [Jiyva's grace]
  3276 | D:4      | Found a deep blue altar of Sif Muna.
  3418 | D:5      | Entered Level 5 of the Dungeon
  3423 | D:5      | Reached XP level 6. HP: 56/56 MP: 5/5
  3445 | D:5      | Reached skill level 1 in Short Blades
  3526 | D:5      | Noticed Blork the orc
  3540 | D:5      | Killed Blork the orc
  3676 | D:5      | Reached **** piety under Jiyva
  3737 | D:5      | Found Sesoofej's General Store.
  3796 | D:5      | Reached XP level 7. HP: 53/62 MP: 6/6
  3848 | D:5      | Reached skill level 6 in Fighting
  4214 | D:6      | Reached skill level 1 in Slings
  4292 | D:6      | Found a snail-covered altar of Cheibriados.
  4293 | D:6      | Found a shadowy altar of Dithmenos.
  4293 | D:6      | Found an iron altar of Okawaru.
  4293 | D:6      | Found an opulent altar of Gozag.
  4301 | D:6      | Found a blossoming altar of Fedhas.
  4306 | D:6      | Found a shattered altar of Ashenzari.
  4465 | D:6      | Found a basalt altar of Yredelemnul.
  4470 | D:6      | Found a glowing golden altar of the Shining One.
  4682 | D:6      | Reached XP level 8. HP: 62/70 MP: 7/7
  4721 | D:6      | HP: 3/70 [electric eel/bolt of electricity (9)]
  4770 | D:6      | Lost mutation: You have a pair of large horns on your head.
                  | [Jiyva's grace]
  5182 | D:7      | Reached skill level 7 in Fighting
  5665 | D:8      | Reached skill level 5 in Short Blades
  5700 | D:8      | Reached skill level 8 in Fighting
  5970 | D:8      | Reached XP level 9. HP: 60/81 MP: 8/8
  6081 | D:8      | Reached skill level 5 in Slings
  6152 | D:8      | Noticed a two-headed ogre
  6161 | D:8      | Killed a two-headed ogre
  6161 | D:8      | Reached skill level 9 in Fighting
  6308 | D:8      | Found Xumaffuo's Food Emporium.
  6362 | D:8      | Noticed Joseph
  6390 | D:8      | Killed Joseph
  6765 | D:9      | Gained mutation: You have a pair of large horns on your
                  | head. [Jiyva's grace]
  6771 | D:9      | Reached ***** piety under Jiyva
  6852 | D:9      | Gained mutation: You are partially covered in icy blue
                  | scales. (AC +2) [Jiyva's grace]
  6917 | D:9      | Found a staircase to the Lair.
  6951 | Lair:1   | Entered Level 1 of the Lair of Beasts
  6951 | Lair:1   | Noticed a komodo dragon
  6965 | D:9      | Killed a komodo dragon
  7048 | D:9      | Reached skill level 10 in Fighting
  7087 | Lair:1   | Noticed a komodo dragon
  7096 | D:9      | Reached XP level 10. HP: 88/93 MP: 9/9
  7227 | Lair:1   | Noticed a spiny frog
  7242 | Lair:1   | Killed a spiny frog
  7291 | Lair:1   | Noticed a salamander
  7291 | Lair:1   | a shapeshifter changed into a salamander
  7292 | Lair:1   | Noticed a death drake
  7292 | Lair:1   | a salamander changed into a death drake
  7300 | Lair:1   | Noticed a spiny frog
  7300 | Lair:1   | HP: 4/91 [poisoned by a death drake (dark miasma)]
  7301 | Lair:1   | Succumbed to a death drake's dark miasma

Skill      XL: |  1  2  3  4  5  6  7  8  9 10 |
---------------+-------------------------------+-----
Armour         | 4 5 6 |  6.1
Fighting       | 4 5 6 8 10 | 10.8
Axes           | 3 4 |  4.2
Shields        | 4 5 6 |  6.2
Short Blades   | 2 3 5 8 |  8.7
Slings         | 2 4 7 8 |  8.1

Action                   |  1- 3 |  4- 6 |  7- 9 | 10-12 || total
-------------------------+-------+-------+-------+-------++-------
Melee: War axe           |    75 |   134 |       |       ||   209
       Headbutt          |    10 |    39 |    36 |    13 ||    98
       Dagger            |       |    56 |   187 |    58 ||   301
       Flail             |       |       |     5 |       ||     5
 Fire: Hunting sling     |       |       |    68 |     7 ||    75
Throw: Stone             |       |       |     1 |       ||     1
Invok: Slimify           |       |       |     1 |       ||     1
Evoke: Wand              |       |       |     1 |       ||     1
  Use: Scroll            |     1 |     1 |    14 |     1 ||    17
       Potion            |       |       |     6 |     1 ||     7
 Stab: Paralysed         |       |       |     5 |       ||     5
       Confused          |       |       |       |     1 ||     1
  Eat: Ration            |       |     2 |     2 |       ||     4
Armor: Scale mail        |    11 |    84 |    25 |       ||   120
       Ring mail         |    11 |       |       |       ||    11
       Chain mail        |       |       |    43 |    15 ||    58
Dodge: Dodged            |    28 |    42 |    27 |     9 ||   106
Block: Shield            |    33 |    97 |    77 |    19 ||   226
